 Dungeon Crawl Stone Soup version 0.26.1-11-gd32895ea62 (webtiles) character file.

Game seed: 16809356621356816481

179905 wpisznazwe the Lord of Darkness (level 17, -1/103 (115) HPs)
             Began as a Demonspawn Necromancer on Apr 17, 2021.
             Was the Champion of Kikubaaqudgha.
             Slain by a +5 eveningstar of pain (38 damage)
             ... on level 2 of the Elven Halls.
             The game lasted 03:55:24 (59846 turns).

wpisznazwe the Lord of Darkness (DsNe)             Turns: 59846, Time: 03:55:24

HP:   -1/103 (115)  AC: 26    Str:  9    XL:     17   Next: 30%
MP:   39/46         EV: 23    Int: 23    God:    Kikubaaqudgha [******]
Gold: 1658          SH: 10    Dex: 15    Spells: 7/42 levels left

rFire    + + +     SeeInvis +   Z - +3 Elemental Staff {rElec rF++ rC++ Will++ AC+5}
rCold    + + +     Faith    .   P - +4 buckler of Entitlement {Rampage rElec rC+++ Dex-2}
rNeg     + . .     Spirit   .   x - +2 robe of Vines {NoPotionHeal Regen+7}
rPois    +         Reflect  .   W - +2 helmet {SInv}
rElec    +         Harm     .   A - +2 cloak {rPois}
rCorr    .         Rampage  +   J - +2 pair of gloves {Dex+3}
Will     +++..                  o - +2 pair of boots
Stlth    +++.......             q - amulet of the acrobat
HPRegen  3.07/turn              y - ring of magical power
MPRegen  0.30/turn              w - ring of positive energy

@: agile, heavily drained
A: talons 2, iridescent scales 2, fire resistance 1, high mp 1, powered by pain
2, flame cloud immunity, MP-powered wands
}: 1/15 runes: gossamer
a: Renounce Religion, Receive Corpses, Torment


You were on level 2 of the Elven Halls.
You worshipped Kikubaaqudgha.
Kikubaaqudgha was exalted by your worship.
You visited 7 branches of the dungeon, and saw 30 of its levels.
You also visited: Gauntlet and Volcano.

You collected 3727 gold pieces.
You spent 2069 gold pieces at shops.

Inventory:

Hand Weapons
 Z - the +3 Elemental Staff (weapon) {rElec rF++ rC++ Will++ AC+5}
   (You acquired it on level 8 of the Dungeon)

   It affects your AC (+5).
   It greatly protects you from fire.
   It greatly protects you from cold.
   It insulates you from electricity.
   It affects your willpower, your defense against some magical effects.
Missiles
 k - 103 poisoned darts
 C - a boomerang of dispersal
 H - 9 curare-tipped darts
 R - 3 silver boomerangs
 V - 23 silver javelins
Armour
 o - a +2 pair of boots (worn)
 x - the +2 robe of Vines (worn) {NoPotionHeal Regen+7}
   (You bought it in a shop on level 2 of the Orcish Mines)

   It increases your rate of regeneration.
 A - a +2 cloak of poison resistance (worn)
 J - a +2 pair of gloves of dexterity (worn)
 K - a +1 robe of positive energy
 P - the +4 buckler of Entitlement (worn) {Rampage rElec rC+++ Dex-2}
   (You found it on level 6 of the Lair of Beasts)

   It affects your dexterity (-2).
   It renders you almost immune to cold.
   It insulates you from electricity.
   It bestows one free step when moving towards enemies.
 S - a +1 scale mail of willpower
 T - +0 acid dragon scales
 W - a +2 helmet of see invisible (worn)
Magical Staves
 e - an uncursed staff of death
Jewellery
 a - an uncursed ring of resist corrosion
 p - an uncursed ring of positive energy
 q - an amulet of the acrobat (around neck)
 w - a ring of positive energy (right hand)
 y - a ring of magical power (left hand)
 N - an uncursed ring of see invisible
Wands
 c - a wand of digging (3)
 h - a wand of disintegration (21)
 B - a wand of paralysis (9)
 E - a wand of iceblast (47)
 I - a wand of acid (36)
 L - a wand of flame (6)
 M - a wand of random effects (57)
Scrolls
 b - 4 scrolls of enchant armour
 g - 11 scrolls of identify
 m - 9 scrolls of teleportation
 r - 3 scrolls of enchant weapon
 D - 8 scrolls of remove curse
 Q - 2 scrolls of blinking
 U - 2 scrolls of magic mapping
 X - 2 scrolls of summoning
Potions
 d - 5 potions of might
 f - a potion of berserk rage
 i - 8 potions of ambrosia
 l - 3 potions of lignification
 s - 18 potions of curing
 t - a potion of magic
 u - a potion of resistance
 v - a potion of flight
 z - a potion of cancellation
 F - 5 potions of brilliance
 G - 10 potions of heal wounds
 O - 2 potions of haste
Miscellaneous
 j - a phial of floods
 n - a box of beasts


   Skills:
 + Level 5.4 Fighting
 * Level 8.2 Staves
 + Level 5.7 Armour
 * Level 9.4 Dodging
 + Level 3.8 Stealth
 + Level 9.2 Shields
 + Level 13.3 Spellcasting
 * Level 19.8 Necromancy
 + Level 0.5 Earth Magic
 * Level 10.3 Evocations


You had 7 spell levels left.
You knew the following spells:

 Your Spells              Type           Power        Failure   Level
a - Pain                  Necr           100%         0%          1
b - Animate Skeleton      Necr           100%         0%          1
c - Vampiric Draining     Necr           41%          0%          3
d - Animate Dead          Necr           41%          0%          4
e - Agony                 Necr           82%          1%          5
f - Corpse Rot            Necr/Air       N/A          1%          2
g - Sublimation of Blood  Necr           41%          0%          2
h - Dispel Undead         Necr           82%          0%          4
i - Death Channel         Necr           41%          1%          6
j - Wereblood             Tmut           15%          6%          2
k - Borgnjor's Vile Clut  Necr/Erth      37%          1%          5

Your spell library contained the following spells:

 Spells                   Type           Power        Failure   Level
 Excruciating Wounds      Necr           41%          1%          5
 Apportation              Tloc           30%          4%          1
 Beastly Appendage        Tmut           30%          4%          1
 Corona                   Hex            16%          4%          1
 Summon Small Mammal      Summ           60%          4%          1
 Stone Arrow              Conj/Erth      48%          11%         3
 Simulacrum               Ice/Necr       37%          11%         6
 Mephitic Cloud           Conj/Pois/Air  22%          12%         3
 Spider Form              Tmut/Pois      7%           12%         3
 Leda's Liquefaction      Hex/Erth       12%          36%         4
 Ice Form                 Ice/Tmut       22%          38%         4
 Summon Ice Beast         Ice/Summ       22%          38%         4
 Haunt                    Necr/Summ      28%          50%         7
 Bolt of Magma            Conj/Fire/Erth 18%          71%         5
 Blade Hands              Tmut           7%           75%         5
 Summon Forest            Summ/Tloc      7%           75%         5
 Eringya's Noxious Bog    Tmut/Pois      7%           99%         6
 Freezing Cloud           Conj/Ice/Air   17%          99%         6
 Hydra Form               Tmut           7%           99%         6
 Iron Shot                Conj/Erth      12%          99%         6
 Shadow Creatures         Summ           N/A          99%         6
 Statue Form              Tmut/Erth      16%          99%         6
 Malign Gateway           Summ/Tloc      7%           100%        7
 Summon Hydra             Summ           7%           100%        7
 Borgnjor's Revivificati  Necr           41%          8%          8
 Infestation              Necr           41%          8%          8
 Death's Door             Necr           41%          75%         9
 Necromutation            Tmut/Necr      28%          99%         8
 Shatter                  Erth           13%          100%        9


Dungeon Overview and Level Annotations

Branches:
Dungeon (14/15)            Temple (1/1) D:5            Lair (6/6) D:11
 Shoals (1/4) Lair:4       Spider (4/4) Lair:3        Slime (0/5) Lair:5
    Orc (2/2) D:11            Elf (2/3) Orc:2       Volcano (visited)
Gauntlet (visited)
 Vaults: D:13-14

Altars:
Ashenzari
Cheibriados
Dithmenos
Elyvilon
Fedhas
Gozag
Hepliaklqana
Kikubaaqudgha
Makhleb
Nemelex Xobeh
Okawaru
Qazlal
Ru
Sif Muna
Trog
Uskayaw
Vehumet
Wu Jian
Xom
Yredelemnul
Zin
The Shining One
Beogh
Jiyva

Shops:
D:8 *?   Orc:2 =*[(   Elf:1 [

Annotations:
D:8 527 aquire robe 846
D:14 Louise
Lair:5 1 runed translucent door
Spider:1 1 exclusion
Elf:2 1 runed translucent door


Innate Abilities, Weirdness & Mutations

You have razor-sharp toenails.
You are mostly covered in iridescent scales. (AC +4)
Your flesh is heat resistant. (rF+)
You sometimes gain power by taking damage.
You are immune to clouds of flame.
You have an increased reservoir of magic. (+10% MP)
You expend magic power (3 MP) to strengthen your wands.


Message History

You hit the +5 eveningstar of pain but do no damage.
The +5 eveningstar of pain is moderately damaged.
The +5 eveningstar of pain hits you!!
You are too injured to fight recklessly!
You are too injured to fight recklessly!
The +5 eveningstar of pain hits you!
* * * LOW HITPOINT WARNING * * *
You focus on the pain.
You feel more agile all of a sudden. Kikubaaqudgha delivers you corpses!
The +5 eveningstar of pain closely misses you.
Okay, then.
Unknown command.
Okay, then.
Casting: Vampiric Draining (safe; 0% risk of failure)
Confirm with . or Enter, or press ? or * to list all spells.
You call on the dead to rise...
The dead are walking!
The +5 eveningstar of pain hits you!!!
You die...
Kikubaaqudgha rasps: "You have failed me!
Welcome... death!"

#.......# #.# #.#
##.♣...♣.###.# ####.#
#....⌠....##'##### #..#'#
##.).....##......# #....#
#.......#.......######.....
##..♣..##.......'....'...8.
#.....##......<######.....
############.).....# #...(#
##.......####.@Z....#
#...##
##.........##((ZZ....#
###'#
##).)........#Z##########
#.# #.....###..e.#)#
###...### #.# )...###
###....# #[......# #.#
##### ####.# #.......# #.#
+...### ###.).## #...<...#
#.# #.....###....##
#...>...# #.#
##..)........#
#.......####'##


You could see 2 dancing weapons, a friendly deep elf knight zombie and 3
friendly deep elf mage zombies.

Vanquished Creatures
  An orc warlord (Orc:2)
  A deep elf sorcerer (Elf:1)
  4 ghost moths
  6 emperor scorpions
  A deep elf demonologist (Elf:2)
  2 entropy weavers
  A spark wasp (Spider:4)
  Snorg (Orc:2)
  A minotaur (Gauntlet)
  Fannar (D:11)
  An ice dragon (D:11)
  2 boulder beetles
  7 hydras
  Erica (D:10)
  2 centaur warriors
  3 catoblepae
  4 two-headed ogres
  14 dancing weapons
  3 death yaks (Lair:6)
  3 orc high priests
  A deep troll shaman (Lair:6)
  The ghost of candy the Grappler, a novice TrBe of Trog (D:8)
  10 deep elf knights
  2 unseen horrors
  7 deep elf archers
  6 wizards
  2 harpies (Shoals:1)
  7 orc knights
  A lindwurm (Lair:6)
  The ghost of kalagan the Thaumaturge, a novice DECj of Sif Muna (D:12)
  Pikel (D:8)
  16 orb spiders
  5 orc sorcerers
  28 wolf spiders
  A shining eye (shapeshifter) (Elf:1)
  24 deep elf magi
  An ugly thing (D:12)
  3 manticores
  2 merfolk sirens
  2 moths of wrath
  4 cyclopes
  2 centaur zombies
  5 toenail golems (Volcano)
  3 elephants (Lair:6)
  A torpor snail (Lair:6)
  An ice statue (Gauntlet)
  Psyche (D:9)
  Joseph (D:9)
  3 black mambas
  A gargoyle (D:12)
  A kobold demonologist (Elf:1)
  6 cane toads
  Maggie (D:9)
  An efreet (D:12)
  9 demonic crawlers
  9 komodo dragons
  4 trolls
  2 merfolk
  33 jumping spiders
  3 meliai (Spider:3)
  A meliai (shapeshifter) (Elf:2)
  A queen bee (Gauntlet)
  2 polar bears
  3 hornets
  A dream sheep (Shoals:1)
  13 blink frogs
  13 slime creatures
  A snapping turtle (Shoals:1)
  57 redbacks
  2 vampires
  2 air elementals
  3 water elementals
  3 wyverns
  64 yaks
  17 tarantellas
  2 fire elementals (Elf:1)
  A wraith (D:12)
  Grum (D:7)
  5 basilisks
  A vampire mosquito (D:12)
  2 soldier ants
  2 wargs
  2 acid dragons
  Duvessa (D:4)
  16 water moccasins
  An eye of draining (D:12)
  3 ice beasts
  3 sky beasts
  30 orc warriors
  7 black bears
  An ogre (shapeshifter) (D:12)
  A phantom (D:8)
  13 ogres
  An eye of draining (shapeshifter) (Elf:1)
  A boggart (Elf:1)
  10 wolves
  13 centaurs
  2 lemures
  A big kobold (D:7)
  15 bullfrogs
  Dowan (D:4)
  A wyvern skeleton (D:9)
  3 scorpions
  23 killer bees
  5 wights
  3 electric eels (Lair:6)
  A bullfrog zombie (D:11)
  6 jellies
  10 orc priests
  6 centaur skeletons
  5 hounds
  A gnoll shaman (D:4)
  2 bullfrog skeletons
  Crazy Yiuf (D:5)
  8 iguanas
  26 orc wizards
  7 worker ants
  A hound skeleton (D:6)
  A worker ant zombie (D:7)
  8 gnolls
  19 adders
  A shadow imp (D:6)
  A white imp (D:6)
  An ooze (D:1)
  2 adder skeletons
  3 worms
  A dart slug (D:4)
  7 leopard geckos
  68 orcs
  2 giant cockroaches
  10 goblins
  10 hobgoblins
  9 jackals
  6 quokkas
  3 ball pythons
  6 bats
  4 frilled lizards
  2 jackal zombies
  23 kobolds
  6 rats (D:1)
892 creatures vanquished.

Vanquished Creatures (collateral kills)
  2 harpies (Shoals:1)
  An orc sorcerer (Orc:2)
  2 merfolk (Shoals:1)
  2 dream sheep (Shoals:1)
  4 redbacks
  A water elemental (Shoals:1)
  A warg (Orc:2)
  An orc warrior (Orc:2)
  An ogre (Orc:2)
  A phantom (D:10)
  A wolf (Lair:4)
  3 orcs (Orc:2)
  A hobgoblin (D:1)
  2 rats
23 creatures vanquished.

Vanquished Creatures (others)
  A wolf spider (Spider:4)
  A rime drake (Gauntlet)
  A redback (Spider:4)
  A tarantella (Spider:4)
  A sky beast (D:12)
  2 eyes of draining (D:12)
  A jelly (D:12)
  A bullfrog skeleton (D:12)
  An orc (D:14)
  37 fungi
  22 plants
  5 tentacles (Shoals:1)
74 creatures vanquished.

Grand Total: 989 creatures vanquished

Notes
Turn   | Place    | Note
-------+----------+-------------------------------------------
     0 | D:1      | wpisznazwe the Demonspawn Necromancer began the quest for
                  | the Orb.
     0 | D:1      | Reached XP level 1. HP: 13/13 MP: 3/3
     2 | D:1      | Learned a level 1 spell: Animate Skeleton
   417 | D:1      | Gained mutation: You have sharp toenails. [demonic
                  | ancestry]
   417 | D:1      | Reached XP level 2. HP: 17/19 MP: 1/5
   590 | D:1      | Reached skill level 5 in Necromancy
  1359 | D:1      | Gained mutation: You sometimes gain a little power by
                  | taking damage. [demonic ancestry]
  1359 | D:1      | Reached XP level 3. HP: 23/24 MP: 3/6
  1819 | D:2      | Learned a level 3 spell: Vampiric Draining
  2459 | D:2      | Reached XP level 4. HP: 26/30 MP: 3/7
  3545 | D:3      | Gained mutation: You are partially covered in iridescent
                  | scales. (AC +2) [demonic ancestry]
  3545 | D:3      | Reached XP level 5. HP: 35/35 MP: 2/8
  3952 | D:3      | Learned a level 4 spell: Animate Dead
  4127 | D:4      | Noticed Duvessa
  4127 | D:4      | Noticed Dowan
  4199 | D:4      | Reached skill level 1 in Shields
  4207 | D:4      | Reached skill level 6 in Necromancy
  4757 | D:4      | Found a burning altar of Makhleb.
  4966 | D:4      | Reached XP level 6. HP: 41/41 MP: 3/10
  5084 | D:4      | Killed Duvessa
  5113 | D:4      | Killed Dowan
  5516 | D:4      | Gained mutation: Your flesh is heat resistant. (rF+)
                  | [demonic ancestry]
  5516 | D:4      | Reached XP level 7. HP: 46/46 MP: 1/13
  6453 | D:5      | Entered Level 5 of the Dungeon
  6559 | D:5      | Found a glowing golden altar of the Shining One.
  6591 | D:5      | Reached skill level 7 in Necromancy
  6838 | D:5      | Learned a level 5 spell: Agony
  6896 | D:5      | Reached skill level 1 in Staves
  7787 | D:5      | Found a staircase to the Ecumenical Temple.
  7794 | D:5      | Reached skill level 5 in Spellcasting
  7804 | Temple   | Entered the Ecumenical Temple
  7849 | Temple   | Learned a level 2 spell: Corpse Rot
  7869 | Temple   | Became a worshipper of Kikubaaqudgha
  8034 | D:5      | Reached XP level 8. HP: 53/53 MP: 1/15
  8294 | D:5      | Found a runed translucent door.
  8295 | D:5      | Noticed Crazy Yiuf
  8544 | D:5      | Killed Crazy Yiuf
  8791 | D:6      | Reached skill level 8 in Necromancy
  9684 | D:6      | Reached skill level 1 in Fighting
 10525 | D:7      | Reached skill level 9 in Necromancy
 10714 | D:7      | Reached * piety under Kikubaaqudgha
 10714 | D:7      | Identified Kikubaaqudgha's Reference Book on Evil Secrets
                  | (Kikubaaqudgha gifted it to you on level 7 of the Dungeon)
 10714 | D:7      | Received a gift from Kikubaaqudgha
 10719 | D:7      | Learned a level 2 spell: Sublimation of Blood
 10893 | D:7      | Reached XP level 9. HP: 45/59 MP: 7/18
 11636 | D:8      | Found Puroumes's Magic Scroll Shop.
 11958 | D:8      | Reached skill level 10 in Necromancy
 12724 | D:8      | Found Gauggask's General Store.
 12724 | D:8      | Found a runed translucent gate.
 12724 | D:8      | Noticed Grum
 12738 | D:7      | Killed Grum
 13261 | D:8      | Noticed Pikel
 13265 | D:8      | Noticed candy's ghost (novice TrBe)
 13266 | D:8      | Found a runed translucent gate.
 13266 | D:8      | Found a runed translucent gate.
 13271 | D:8      | Killed Pikel
 13272 | D:8      | Reached skill level 11 in Necromancy
 13353 | D:8      | Identified the +1 quarterstaff of the Known World {vamp,
                  | rPois Will- Stlth+}
 13353 | D:8      | Identified the +10 plate armour "Koepna" {*Drain +Blink
                  | rPois Int+2}
 13354 | D:8      | Found a roughly hewn altar of Beogh.
 13437 | D:9      | Found a shadowy altar of Dithmenos.
 13453 | D:9      | Gained mutation: You are mostly covered in iridescent
                  | scales. (AC +4) [demonic ancestry]
 13453 | D:9      | Reached XP level 10. HP: 67/67 MP: 12/21
 14132 | D:9      | Noticed Joseph
 14138 | D:9      | Killed Joseph
 14523 | D:9      | Noticed Maggie
 14529 | D:9      | Killed Maggie
 14711 | D:9      | Noticed Psyche
 14732 | D:9      | Killed Psyche
 14733 | D:9      | Reached skill level 12 in Necromancy
 14733 | D:9      | Reached ** piety under Kikubaaqudgha
 15517 | D:10     | Entered Level 10 of the Dungeon
 15528 | D:10     | Reached skill level 5 in Shields
 16269 | D:10     | Noticed Erica
 16289 | D:10     | Killed Erica
 16455 | D:10     | Noticed an unseen horror
 16461 | D:10     | Killed an unseen horror
 16462 | D:10     | Reached XP level 11. HP: 73/74 MP: 9/23
 16671 | D:10     | Reached skill level 1 in Armour
 16963 | D:10     | Reached skill level 13 in Necromancy
 17714 | D:8      | Bought a scroll of acquirement for 572 gold pieces
 17716 | D:8      | Acquired the +3 Elemental Staff {rElec rF++ rC++ Will++
                  | AC+5}
 17717 | D:8      | Found the +3 Elemental Staff {rElec rF++ rC++ Will++ AC+5}
 17840 | D:11     | Noticed Fannar
 17969 | D:11     | Killed Fannar
 17970 | D:11     | Reached skill level 1 in Evocations
 18487 | D:11     | Noticed a two-headed ogre
 18495 | D:11     | Killed a two-headed ogre
 18715 | D:11     | Reached *** piety under Kikubaaqudgha
 18715 | D:11     | Identified Kikubaaqudgha's Tome of Sinister Rites
                  | (Kikubaaqudgha gifted it to you on level 11 of the Dungeon)
 18715 | D:11     | Received a gift from Kikubaaqudgha
 18724 | D:11     | Learned a level 4 spell: Dispel Undead
 19240 | D:11     | Found a staircase to the Orcish Mines.
 19344 | D:11     | Found a staircase to the Lair.
 19532 | Lair:1   | Entered Level 1 of the Lair of Beasts
 20075 | D:12     | Found a gate leading to a gauntlet.
 20093 | Gauntlet | Entered a Gauntlet
 20093 | Gauntlet | Found a transporter.
 20099 | Gauntlet | Found a transporter.
 20099 | Gauntlet | Found a transporter.
 20101 | Gauntlet | Found a transporter.
 20466 | Gauntlet | Found a transporter.
 20466 | Gauntlet | Found a transporter.
 20474 | Gauntlet | Reached skill level 14 in Necromancy
 20604 | Gauntlet | Found a transporter.
 20653 | Gauntlet | Noticed a minotaur
 20662 | Gauntlet | Killed a minotaur
 20825 | Gauntlet | Gained mutation: You have an increased reservoir of magic.
                  | (+10% MP) [potion of mutation]
 20825 | Gauntlet | Gained mutation: Your spells are a little harder to cast,
                  | but a little more powerful. [potion of mutation]
 20825 | Gauntlet | Lost mutation: Your spells are a little harder to cast, but
                  | a little more powerful. [potion of mutation]
 20825 | Gauntlet | Gained mutation: You expend magic power (3 MP) to
                  | strengthen your wands. [potion of mutation]
 20909 | Gauntlet | Found a transporter.
 20933 | D:12     | Found a runed translucent gate.
 20933 | D:12     | Found a runed translucent gate.
 20933 | D:12     | Found a runed translucent gate.
 20933 | D:12     | Noticed kalagan's ghost (novice DECj)
 20978 | D:12     | Reached XP level 12. HP: 78/80 MP: 12/28
 21479 | D:12     | Found a viscous altar of Jiyva.
 22091 | D:12     | Noticed a two-headed ogre
 22108 | D:12     | Noticed a two-headed ogre
 22124 | D:12     | Killed a two-headed ogre
 22124 | D:12     | Reached **** piety under Kikubaaqudgha
 22142 | D:12     | Noticed an ice dragon
 22335 | D:10     | Reached skill level 10 in Spellcasting
 22481 | D:11     | Reached skill level 15 in Necromancy
 22742 | D:11     | Killed an ice dragon
 23423 | D:12     | Identified the +3 ring mail of the Falcon {Int+3}
 23573 | D:12     | Reached skill level 5 in Evocations
 23824 | D:12     | Killed a two-headed ogre
 24090 | D:12     | Found a broken altar of Ashenzari.
 24090 | D:12     | Found an ornate altar of the Wu Jian Council.
 24326 | D:12     | Found a hide-covered altar of Uskayaw.
 24328 | D:12     | Found a sacrificial altar of Ru.
 24938 | D:13     | Noticed a two-headed ogre
 24948 | D:13     | Killed a two-headed ogre
 25560 | D:13     | Gained mutation: You have razor-sharp toenails. [demonic
                  | ancestry]
 25560 | D:13     | Reached XP level 13. HP: 81/86 MP: 30/30
 26042 | D:13     | Reached skill level 16 in Necromancy
 27323 | D:14     | Noticed Louise
 27880 | D:8      | Killed candy's ghost
 28984 | Lair:1   | Reached ***** piety under Kikubaaqudgha
 30650 | Lair:3   | Found a hole to the Spider Nest.
 31790 | Lair:4   | Found a dark tunnel.
 31795 | Volcano  | Entered a volcano
 32052 | Volcano  | Reached skill level 17 in Necromancy
 32152 | Volcano  | Gained mutation: You are immune to clouds of flame.
                  | [demonic ancestry]
 32152 | Volcano  | Reached XP level 14. HP: 63/93 MP: 22/32
 32576 | Volcano  | Got a coiled marble ring
 32579 | Volcano  | Identified the ring "Sozuum" {*Tele rPois rC+ Str-5 Dex+2}
                  | (You found it in a volcano)
 33677 | Lair:4   | Found an ornate altar of the Wu Jian Council.
 33760 | Lair:4   | Found a staircase to the Shoals.
 34275 | Lair:5   | Found a runed translucent door.
 34275 | Lair:5   | Found a viscous altar of Jiyva.
 34282 | Lair:5   | Found a staircase to the Slime Pits.
 35040 | Lair:6   | Entered Level 6 of the Lair of Beasts
 35937 | Lair:5   | Reached skill level 5 in Staves
 36138 | Lair:6   | Reached skill level 5 in Armour
 36272 | Lair:6   | Reached skill level 5 in Dodging
 36420 | Lair:6   | Got a crude buckler
 36426 | Lair:6   | Identified the +4 buckler of Entitlement {Rampage rElec
                  | rC+++ Dex-2} (You found it on level 6 of the Lair of
                  | Beasts)
 38279 | Orc:1    | Entered Level 1 of the Orcish Mines
 38950 | Orc:2    | Entered Level 2 of the Orcish Mines
 39263 | Orc:1    | Reached ****** piety under Kikubaaqudgha
 39535 | Orc:1    | Learned a level 6 spell: Death Channel
 39866 | Orc:2    | Found Imuzuf's Antique Weapon Emporium.
 39872 | Orc:2    | Noticed Snorg
 39882 | Orc:2    | Killed Snorg
 40072 | Orc:2    | Found Weracig's Antique Armour Emporium.
 40105 | Orc:2    | Found a staircase to the Elven Halls.
 40310 | Orc:2    | Reached XP level 15. HP: 100/100 MP: 33/33
 40491 | Orc:2    | Found Poupla's General Store.
 40895 | Orc:2    | Found a roughly hewn altar of Beogh.
 40906 | Orc:2    | Noticed an orc warlord
 40907 | Orc:2    | Found Owesopp's Jewellery Emporium.
 41521 | Orc:2    | Killed an orc warlord
 42254 | Orc:2    | Bought the +2 robe of Vines {NoPotionHeal Regen+7} for 1280
                  | gold pieces
 42254 | Orc:2    | Found the +2 robe of Vines {NoPotionHeal Regen+7}
 42430 | Orc:2    | Reached skill level 18 in Necromancy
 42453 | Orc:2    | Received a gift from Kikubaaqudgha
 42477 | Elf:1    | Entered Level 1 of the Elven Halls
 42793 | Spider:1 | Entered Level 1 of the Spider Nest
 47293 | Spider:2 | Noticed a ghost moth
 47302 | Spider:2 | Killed a ghost moth
 48306 | Spider:2 | Acquired 1144 gold pieces
 48542 | D:12     | Killed kalagan's ghost
 48830 | Shoals:1 | Entered Level 1 of the Shoals
 48906 | Shoals:1 | Noticed a kraken
 50344 | Spider:3 | Gained mutation: You sometimes gain power by taking damage.
                  | [demonic ancestry]
 50344 | Spider:3 | Reached XP level 16. HP: 98/108 MP: 35/35
 50750 | Spider:4 | Entered Level 4 of the Spider Nest
 51446 | Spider:4 | Reached skill level 5 in Fighting
 52364 | Spider:4 | Reached skill level 19 in Necromancy
 52384 | Spider:4 | Learned a level 2 spell: Wereblood
 55309 | Spider:4 | Got a gossamer rune of Zot
 56180 | Elf:1    | Found Doomidig's Antique Armour Shoppe.
 57047 | Elf:1    | Got a warped scale mail
 57048 | Elf:1    | Identified the cursed +0 scale mail of the Lotus Blossom
                  | {Int+3 Dex+6} (You found it on level 1 of the Elven Halls)
 57584 | Elf:1    | Reached skill level 10 in Evocations
 57647 | Elf:1    | Reached XP level 17. HP: 104/115 MP: 37/37
 57729 | Elf:1    | Bought a pair of embroidered gloves for 217 gold pieces
 58048 | Elf:2    | Got a brightly glowing rapier
 58049 | Elf:2    | Identified the +6 rapier of Massacring {flame, +Rage rC+
                  | rN+ Dex+2} (You found it on level 2 of the Elven Halls)
 58387 | Elf:2    | Acquired the Disquisition on Supportive Air
 58396 | Elf:2    | Learned a level 5 spell: Borgnjor's Vile Clutch
 59205 | Elf:2    | Found a runed translucent door.
 59253 | Elf:2    | Found a runed translucent door.
 59846 | Elf:2    | Slain by a +5 eveningstar of pain

Illustrated notes

Levels and vault maps discovered:
D:1:      tarquinn_simple_flora_water_c, layout_loops_corners,
          minmay_tiny_reverse_x
D:2:      layout_basic
D:3:      layout_rooms
D:4:      layout_gridville, bloody_makhleb, uniq_duvessa
D:5:      layout_basic, minmay_temple_entry_statues_pillars,
          serial_corexii_hall, corexii_hall_statues_s, corexii_hall_statues_x,
          chequers_hall_statues_wall_a, chequers_hall_statues_corner_a,
          corexii_hall_statues_u, chequers_hall_statues_wall_a, minivault_1,
          lemuel_altar_in_water, uniq_crazy_yiuf_cottage
D:6:      minmay_clustersquares, layout_loops_ring, minmay_unpleasant_kobolds
D:7:      black_bear_nest_1, layout_basic, nicolae_underground_beach
D:8:      layout_basic, serial_shops, shop, shop, biasface_ghost_orc_armoury,
          minmay_microvault, uniq_grum, uniq_pikel
D:9:      layout_loops_corners, basic_altar, st_stairs_1,
          hangedman_pestilent_swarm, uniq_joseph, uniq_psyche, uniq_maggie
D:10:     layout_basic, minivault_25, uniq_erica
D:11:     layout_rooms, lair_entry_dummy, orc_0_dummy, uniq_fannar
D:12:     minmay_the_grid_octo_tiled_octocenter_mashed
          [minmay_the_grid_octo_pinwheel, minmay_the_grid_octo_toaster,
          minmay_the_grid_octo_shrine, minmay_the_grid_octo_checkerflower,
          minmay_the_grid_octo_prize_ultimate_mussel_roller,
          minmay_the_grid_square_5x5_empty,
          minmay_the_grid_square_5x5_inverted_slash,
          minmay_the_grid_square_5x5_comb, minmay_the_grid_square_5x5_n],
          layout_basic, portal_ice_cave_demonic_guard, gauntlet_entry_generic,
          gammafunk_ghost_ooze
D:13:     layout_stronghold, minmay_guarded_unrand_zonguldrok
D:14:     layout_cross, grunt_vaults_entry_tiered, basic_altar,
          chequers_serial_rivers_micro_a, uniq_louise
Temple:   compressed_dpeg_circular_temple
Lair:1:   layout_gridlike, grunt_megastairs_3
Lair:2:   layout_misc_corridors
Lair:3:   layout_layer_cave, spider_nest_entry_web_field, grunt_megastairs_2
Lair:4:   layout_regular_city, elwin_shoals_entry_rooms, enter_volcano_4,
          basic_altar, grunt_megastairs_5
Lair:5:   layout_roguey, slime_altar_2, lemuel_fruit_tree, serial_bayou_shore_b
Lair:6:   grunt_lair_end_beastmaster, layout_long_grid, serial_bayou_shore_a,
          infiniplex_staircase_pool, serial_bayou_shore_b
Shoals:1: nicolae_shoals_island_circles, layout_shoals, uniq_aizul
Spider:1: layout_chambers, hangedman_spider_tarantella_strand
Spider:2: layout_chambers
Spider:3: layout_spider_delve
Spider:4: grunt_spider_rune_circles
Orc:1:    layout_diamond_mine
Orc:2:    grunt_orc_gardens, layout_caves, grunt_orc_garden, grunt_orc_garden,
          grunt_orc_garden, grunt_orc_garden, basic_altar,
          nicolae_orc_lava_tube, uniq_snorg
Elf:1:    layout_gridlike, serial_shops, shop, hangedman_elf_disciples
Elf:2:    layout_geoelf_octagon, grunt_ministairs_1

Skill      XL: |  1  2  3  4  5  6  7  8  9 10 11 12 13 14 15 16 |
---------------+-------------------------------------------------+-----
Necromancy     | 5 6 7 9 11 12 14 15 17 18 19 | 19.8
Dodging        | 2 3 4 5 7 9 |  9.4
Stealth        | 2 3 |  3.8
Shields        | 1 2 3 4 5 6 7 8 9 |  9.2
Spellcasting   | 3 4 5 6 7 8 9 10 11 12 13 | 13.3
Staves         | 1 2 3 4 5 6 8 |  8.2
Fighting       | 1 2 3 4 5 |  5.4
Armour         | 2 4 5 |  5.7
Evocations     | 3 5 6 8 9 10 | 10.3
Earth Magic    | |  0.5

Action                   |  1- 3 |  4- 6 |  7- 9 | 10-12 | 13-15 | 16-18 || total
-------------------------+-------+-------+-------+-------+-------+-------++-------
Melee: Unarmed           |    17 |       |       |       |       |       ||    17
       Kick              |     3 |     4 |       |       |       |       ||     7
       Quarterstaff      |       |    28 |    97 |    77 |       |       ||   202
       Short sword       |       |       |    11 |       |       |       ||    11
       Staff             |       |       |       |   248 |  1678 |   881 ||  2807
Throw: Javelin           |       |       |       |     3 |       |       ||     3
       Boomerang         |       |       |       |       |     1 |       ||     1
 Cast: Pain              |    71 |    94 |   155 |   170 |    60 |    40 ||   590
       Animate Skeleton  |     5 |     2 |     3 |     1 |     3 |       ||    14
       Vampiric Draining |       |    20 |    85 |   275 |   337 |   134 ||   851
       Agony             |       |       |     9 |    30 |    29 |    47 ||   115
       Animate Dead      |       |       |     2 |     1 |     7 |     4 ||    14
       Sublimation of Bl |       |       |     2 |     1 |       |       ||     3
       Corpse Rot        |       |       |     1 |     1 |     1 |       ||     3
       Dispel Undead     |       |       |       |    14 |     7 |       ||    21
       Death Channel     |       |       |       |       |    11 |     2 ||    13
       Wereblood         |       |       |       |       |       |     2 ||     2
       Borgnjor's Vile C |       |       |       |       |       |     1 ||     1
Invok: Receive Corpses   |       |       |       |       |     1 |     2 ||     3
       Receive Necronomi |       |       |       |       |     1 |       ||     1
Evoke: Wand              |       |       |       |    15 |       |       ||    15
  Use: Potion            |       |     1 |       |    10 |     5 |       ||    16
       Scroll            |       |       |     9 |    16 |    11 |     6 ||    42
 Stab: Sleeping          |       |       |     1 |     3 |     4 |     1 ||     9
       Confused          |       |       |     1 |       |       |       ||     1
       Paralysed         |       |       |       |     5 |       |       ||     5
       Petrifying        |       |       |       |     1 |       |       ||     1
       Petrified         |       |       |       |     1 |       |       ||     1
       Distracted        |       |       |       |       |       |     3 ||     3
       Held in net/web   |       |       |       |       |       |     1 ||     1
Armor: Robe              |     1 |    20 |    69 |    20 |   505 |   533 ||  1148
       Acid dragon scale |       |       |       |   195 |       |       ||   195
       Scale mail        |       |       |       |    43 |   723 |       ||   766
       Ice dragon scales |       |       |       |     2 |       |       ||     2
       Ring mail         |       |       |       |     1 |       |       ||     1
Dodge: Dodged            |    11 |    55 |   150 |   246 |  1292 |   784 ||  2538
Block: Kite shield       |       |       |       |   209 |   506 |       ||   715
       Buckler           |       |       |       |       |   719 |   582 ||  1301
